AoeStats
← Zatára

Arabia

503664144Analyzed
1v1 RM · 1mo ago on Sep 1, 2026· 51m 53s· 2 players
Game mode
Random Map
Map size
Tiny (2 player)
Population
200
Speed
Normal
Resources
Standard
Victory
Conquest
Starting age
Dark Age
Ending age
Imperial Age
RankedLock teamsTeams togetherTeam positionsShared explorationLock speedFull tech treeHidden civsTurbo modeCheats
Victory
Defeat
🇺🇸 Cumans · United States
1617
+18
🇪🇸 Teutons · Spain
1659
-18
cbox7
6:53 Loom
9:04 Feudal Age
9:44 Double-Bit Axe
12:57 Town Watch
14:00 Wheelbarrow
19:28 Horse Collar
23:34 Fletching
27:41 Castle Age
27:50 Bloodlines
30:56 Forging
32:21 Bodkin Arrow
34:56 Capped Ram
35:56 Scale Barding Armor
38:13 Chain Barding Armor
38:35 Hand Cart
38:21 Light Cavalry
42:40 Iron Casting
45:24 Imperial Age
46:16 Iron Casting
49:04 Plate Barding Armor
49:30 Blast Furnace
50:13 Hussar
Zatára
5:51 Loom
8:21 Feudal Age
9:01 Double-Bit Axe
13:17 Town Watch
18:54 Fletching
26:26 Castle Age
27:04 Bodkin Arrow
27:28 Bow Saw
28:13 Guard Tower
29:44 Ballistics
39:23 Sanctity
46:07 Imperial Age
45:00 Wheelbarrow
44:05 Horse Collar
47:58 Chemistry
49:48 Crenellations
Connection lost

Rejoining the realm…

Still unreachable

The connection could not be restored.

Session expired

The server has moved on; the page needs a fresh start.